 Dungeon Crawl Stone Soup version 0.28.0-43-g3370ac3207 (webtiles) character file.

Game seed: 9878698931341135391

205 jimonade the Quickloader (level 5, -3/38 HPs)
             Began as a Gnoll Wanderer on Mar 19, 2022.
             Slain by an orc
             ... wielding a +0 whip of electrocution
              (18 damage)
             ... on level 3 of the Dungeon.
             The game lasted 00:05:14 (2149 turns).

jimonade the Quickloader (Gnoll Wanderer)           Turns: 2149, Time: 00:05:15

Health: -3/38      AC:  6    Str: 12    XL:     5   Next: 83%
Magic:  7/7        EV: 10    Int: 10    God:
Gold:   89         SH:  0    Dex: 14    Spells: 7/7 levels left

rFire   + . .      SeeInvis .   t - +4 trident
rCold   + . .      Faith    .   (no shield)
rNeg    . . .      Spirit   .   e - +0 ring mail
rPois   .          Reflect  .   (no helmet)
rElec   .          Harm     .   s - scarf {rC+ rF+}
rCorr   .          Rampage  .   (no gloves)
Will    .....                   (no boots)
Stlth   ++........              (no amulet)
HPRegen 0.12/turn               (no ring)
MPRegen 0.10/turn               (no ring)

@: no status effects
A: fangs 1, strong nose, distributed training
a: no special abilities


You were on level 3 of the Dungeon.
You visited 1 branch of the dungeon, and saw 3 of its levels.

You collected 89 gold pieces.

Inventory:

Hand Weapons
 a - a +2 hand crossbow
 c - a +0 shortbow
 q - a +0 whip
 r - a +0 vampiric dagger
 t - a +4 trident (weapon)
 v - a +0 glaive of venom
Missiles
 b - 16 bolts
 d - 41 arrows
 f - 89 stones
 p - 3 poisoned darts (quivered)
 u - 2 boomerangs
Armour
 e - a +0 ring mail (worn)
 s - a scarf of resistance (worn)
Jewellery
 n - a ring of flight
Wands
 l - a wand of flame (17)
Scrolls
 g - 3 scrolls of identify {unknown}
 h - a scroll of enchant armour {unknown}
 i - a scroll of immolation {unknown}
 j - 2 scrolls of teleportation {unknown}
 k - a scroll of brand weapon {unknown}
Potions
 m - a potion of mutation {unknown}
 o - 2 potions of curing {unknown}


   Skills:
 + Level 1.6 Fighting
 + Level 1.6 Short Blades
 + Level 1.6 Long Blades
 + Level 1.6 Axes
 + Level 1.6 Maces & Flails
 + Level 1.6 Polearms
 + Level 1.6 Staves
 + Level 1.6 Slings
 + Level 4.8 Bows
 + Level 10.5 Crossbows
 + Level 1.6 Throwing
 + Level 4.8 Armour
 + Level 1.6 Dodging
 + Level 2.9 Stealth
 + Level 1.6 Shields
 + Level 1.6 Unarmed Combat
 + Level 1.6 Spellcasting
 + Level 1.3 Conjurations
 + Level 1.3 Hexes
 + Level 1.3 Summonings
 + Level 1.3 Necromancy
 + Level 1.3 Translocations
 + Level 1.3 Transmutations
 + Level 1.3 Fire Magic
 + Level 1.3 Ice Magic
 + Level 1.3 Air Magic
 + Level 1.3 Earth Magic
 + Level 1.3 Poison Magic
 + Level 1.9 Invocations
 + Level 1.6 Evocations


You had 7 spell levels left.
You didn't know any spells.
Your spell library contained the following spells:

 Spells                   Type           Power      Damage    Failure   Level
 Animate Skeleton         Necr           6%         N/A       36%         1
 Apportation              Tloc           6%         N/A       36%         1
 Summon Small Mammal      Summ           12%        N/A       36%         1


Dungeon Overview and Level Annotations

Branches:
Dungeon (3/15)

Altars:


Innate Abilities, Weirdness & Mutations

You have very sharp teeth.
Your uncanny sense of smell can sniff out nearby items.
Your experience applies equally to all skills.


Message History

a +0 glaive of venom; a +0 ring mail
v - a +0 glaive of venom
There is a stone staircase leading down here.
Found a rapier.
Unknown command.
Unknown command.
Search for what [Enter for "."]? .
There is a stone staircase leading down here.
You see here a +0 ring mail.
w - a +0 ring mail You drop a +0 ring mail. 2 orcs come into view.
An orc comes into view.
It is wielding a +0 whip of electrocution.
The orc shouts!
You reach to attack!
You hit the orc.
The orc is moderately wounded.
An orc wizard comes into view. It is wielding a +0 dagger.
The orc wizard shouts!
You hit the orc.
You kill the orc!
Things that are here:
a +0 whip; an orc corpse The orc shouts!
You hear a shout!
You puncture the orc wizard!
The orc wizard is heavily wounded.
The orc wizard hits you but does no damage.
You puncture the orc wizard!
You kill the orc wizard!
You hit the orc.
The orc is severely wounded.
The orc hits you with a +0 whip of electrocution.
The orc hits you but does no damage.
You are electrocuted!
You hit the orc.
The orc is severely wounded.
The orc hits you but does no damage.
You barely miss the orc.
The orc is severely wounded.
The orc hits you with a +0 whip of electrocution.
You are electrocuted!!
You die...

#.#.## .# #.#.o##.# #.#
#.##.#..# #.# . #.##...# #.#
#..### #.###..# #.# #.....#
#.# #..# #.# #.##..##.# #..##
#.# ##..)#....####o.#####.#
......##...>.#@..##...#
#....#.##.[...##.#.##
#.##...####.........###
###.......######.).##
#.##..###....###..# ##
...#.##.......(##.## .##
#.........#..###...†.#..#
..####........##.##....(#.##.#
..............#..#...[).#..#.#


You could see 2 orcs.

Vanquished Creatures
  An orc priest (D:3)
  Terence (D:2)
  2 orc wizards (D:3)
  5 adders
  A worm (D:3)
  4 orcs (D:3)
  4 bats
  6 endoplasms
  2 giant cockroaches
  2 goblins
  2 hobgoblins
  12 kobolds
  2 quokkas
  3 ball pythons
  2 frilled lizards
  6 rats
55 creatures vanquished.

Notes
Turn   | Place    | Note
-------+----------+-------------------------------------------
     0 | D:1      | Reached skill level 10 in Crossbows
     0 | D:1      | jimonade the Gnoll Wanderer began the quest for the Orb.
     0 | D:1      | jimonade set off with the following items: a +2 hand
                  | crossbow, 30 bolts, a +0 shortbow, 28 arrows, a +0 ring
                  | mail
     0 | D:1      | Reached XP level 1. HP: 13/13 MP: 1/1
   216 | D:1      | Reached XP level 2. HP: 19/19 MP: 2/2
   333 | D:1      | Found a faded altar of an unknown god.
   621 | D:2      | Noticed Terence
   626 | D:2      | Killed Terence
   627 | D:2      | Reached skill level 1 in Invocations
   627 | D:2      | Reached XP level 3. HP: 24/25 MP: 2/4
   718 | D:2      | Reached skill level 1 in Fighting
   718 | D:2      | Reached skill level 1 in Short Blades
   718 | D:2      | Reached skill level 1 in Long Blades
   718 | D:2      | Reached skill level 1 in Axes
   718 | D:2      | Reached skill level 1 in Maces & Flails
   718 | D:2      | Reached skill level 1 in Polearms
   718 | D:2      | Reached skill level 1 in Staves
   718 | D:2      | Reached skill level 1 in Slings
   718 | D:2      | Reached skill level 1 in Throwing
   718 | D:2      | Reached skill level 1 in Dodging
   718 | D:2      | Reached skill level 1 in Shields
   718 | D:2      | Reached skill level 1 in Unarmed Combat
   718 | D:2      | Reached skill level 1 in Spellcasting
   718 | D:2      | Reached skill level 1 in Evocations
   733 | D:2      | Reached XP level 4. HP: 32/32 MP: 5/5
  1591 | D:3      | Reached skill level 1 in Conjurations
  1591 | D:3      | Reached skill level 1 in Hexes
  1591 | D:3      | Reached skill level 1 in Summonings
  1591 | D:3      | Reached skill level 1 in Necromancy
  1591 | D:3      | Reached skill level 1 in Translocations
  1591 | D:3      | Reached skill level 1 in Transmutations
  1591 | D:3      | Reached skill level 1 in Fire Magic
  1591 | D:3      | Reached skill level 1 in Ice Magic
  1591 | D:3      | Reached skill level 1 in Air Magic
  1591 | D:3      | Reached skill level 1 in Earth Magic
  1591 | D:3      | Reached skill level 1 in Poison Magic
  1769 | D:3      | Reached XP level 5. HP: 37/37 MP: 6/6
  2149 | D:3      | Slain by an orc

Illustrated notes

Levels and vault maps discovered:
D:1:      dpeg_arrival_snail, layout_rooms, shapermc_ecumenical_altar_ellora
D:2:      layout_basic, st_stairs_9, uniq_terence
D:3:      layout_rooms, chequers_mini_garden, kennysheep_cluttered_room,
          minmay_randomly_rotated_circles

Skill      XL: |  1  2  3  4 |
---------------+-------------+-----
Crossbows      | | 10.5
Invocations    | 1 |  1.9
Fighting       | 1 |  1.6
Short Blades   | 1 |  1.6
Long Blades    | 1 |  1.6
Axes           | 1 |  1.6
Maces & Flails | 1 |  1.6
Polearms       | 1 |  1.6
Staves         | 1 |  1.6
Slings         | 1 |  1.6
Throwing       | 1 |  1.6
Dodging        | 1 |  1.6
Shields        | 1 |  1.6
Unarmed Combat | 1 |  1.6
Spellcasting   | 1 |  1.6
Evocations     | 1 |  1.6
Conjurations   | 1 |  1.3
Hexes          | 1 |  1.3
Summonings     | 1 |  1.3
Necromancy     | 1 |  1.3
Translocations | 1 |  1.3
Transmutations | 1 |  1.3
Fire Magic     | 1 |  1.3
Ice Magic      | 1 |  1.3
Air Magic      | 1 |  1.3
Earth Magic    | 1 |  1.3
Poison Magic   | 1 |  1.3
Bows           | |  4.8
Armour         | |  4.8
Stealth        | |  2.9

Action                   |  1- 3 |  4- 6 || total
-------------------------+-------+-------++-------
Melee: Trident           |       |     9 ||     9
 Fire: Hand crossbow     |    48 |    46 ||    94
Armor: Ring mail         |     3 |     8 ||    11
Dodge: Dodged            |     3 |    10 ||    13
